 Dungeon Crawl Stone Soup version 0.27.0-1-g7a089689b8 (webtiles) character file.

Game seed: 18159926918005691343

73 ZARRMARR the Chopper (level 4, -2/40 HPs)
             Began as a Hill Orc Monk on Aug 1, 2021.
             Slain by an ogre (20 damage)
             ... on level 4 of the Dungeon.
             The game lasted 00:10:50 (2731 turns).

ZARRMARR the Chopper (Hill Orc Monk)                Turns: 2731, Time: 00:10:50

Health: -2/40      AC:  5    Str: 14    XL:     4   Next: 27%
Magic:  4/4        EV: 12    Int: 10    God:
Gold:   82         SH:  0    Dex: 13    Spells: 3/3 levels left

rFire    . . .     SeeInvis +   a - +0 hand axe
rCold    . . .     Faith    .   (no shield)
rNeg     . . .     Spirit   .   b - +0 robe
rPois    .         Reflect  .   h - +2 helmet {SInv}
rElec    .         Harm     .   (no cloak)
rCorr    .         Rampage  .   (no gloves)
Will     .....                  (no boots)
Stlth    ++........             (no amulet)
HPRegen  0.13/turn              (no ring)
MPRegen  0.09/turn              (no ring)

@: lethally poisoned (-2 -> -8)
A: no striking features
a: no special abilities


You were on level 4 of the Dungeon.
You visited 1 branch of the dungeon, and saw 4 of its levels.

You collected 82 gold pieces.

Inventory:

Hand Weapons
 a - a +0 hand axe (weapon)
Missiles
 d - 118 stones
 f - 11 poisoned darts (quivered)
Armour
 b - a +0 robe (worn)
 h - a +2 helmet of see invisible (worn)
Scrolls
 g - a scroll of fear {unknown}
 m - a scroll of enchant armour {unknown}
Potions
 e - a potion of ambrosia {unknown}
 i - a potion of curing {unknown}
 j - a potion of might {unknown}
 k - a potion of haste {unknown}
 l - a potion of cancellation {unknown}


   Skills:
 + Level 4.2 Fighting
 + Level 4.9 Axes
 + Level 1.1 Throwing
 + Level 2.7 Dodging
 + Level 2.1 Stealth


You had 3 spell levels left.
You didn't know any spells.
Your spell library contained the following spells:

 Spells                   Type           Power      Damage    Failure   Level
 Magic Dart               Conj           0%         1d3       36%         1
 Searing Ray              Conj           0%         3d3       50%         2
 Ignite Poison            Fire/Tmut/Pois 0%         N/A       75%         3
 Mephitic Cloud           Conj/Pois/Air  0%         N/A       75%         3
 Fulminant Prism          Conj/Hex       0%         3d6       98%         4
 Bolt of Magma            Conj/Fire/Erth 0%         4d4       100%        5


Dungeon Overview and Level Annotations

Branches:
Dungeon (4/15)
 Temple: D:4-7

Altars:
Hepliaklqana

Annotations:
D:3 Terence


Message History

You are poisoned.
The adder poisons you!
Cleave: a) +0 hand axe
Press: ? - help, Dir - move target, f/p - ogre
Aim: an ogre, wielding a +0 giant club (almost dead, about 23% to evade your +0 hand axe)
You barely miss the ogre.
The ogre is almost dead.
You hit the adder but do no damage. You barely miss the adder.
* * * LOW HITPOINT WARNING * * *
You feel sick. The adder bites you.
* * * LOW HITPOINT WARNING * * *
The adder closely misses you. The ogre closely misses you.
It was a potion of heal wounds.
You feel much better.
You feel sick. The adder closely misses you. The adder barely misses you.
Cleave: a) +0 hand axe
Press: ? - help, Dir - move target, f/p - ogre
Aim: an ogre, wielding a +0 giant club (almost dead, about 23% to evade your +0 hand axe)
You hit the ogre.
The ogre is almost dead.
You hit the adder. x2; You feel sick. The adder bites you.
You are more poisoned.
The adder poisons you! The adder bites you but does no damage.
The ogre barely misses you. The adder barely misses you. x2
Cleave: a) +0 hand axe
Press: ? - help, Dir - move target, f/p - ogre
Aim: an ogre, wielding a +0 giant club (almost dead, about 23% to evade your +0 hand axe)
You hit the ogre but do no damage.
The ogre is almost dead.
You completely miss the adder. You hit the adder.
You feel sick. The ogre closely misses you. The adder closely misses you.
The adder bites you.
Cleave: a) +0 hand axe
Press: ? - help, Dir - move target, f/p - ogre
Aim: an ogre, wielding a +0 giant club (almost dead, about 23% to evade your +0 hand axe)
You closely miss the ogre.
The ogre is almost dead.
You hit the adder. You barely miss the adder.
You feel sick. The adder closely misses you.
The adder bites you but does no damage.
The ogre hits you with a +0 giant club!!
Ouch! That really hurt!
You die...

#.........# #
#.........#
#.#.........#
...........###.
#.............
#.............
#.O.S.......
+..@S.......
#...........
.......##+#....
....###.# ...
### ..# . ##.#
#.# #.#


You could see an ogre and 2 adders.

Vanquished Creatures
  An adder (D:2)
  4 bats
  6 endoplasms
  2 giant cockroaches
  7 goblins
  7 hobgoblins
  5 jackals (D:3)
  3 kobolds (D:1)
  4 quokkas
  8 ball pythons
  4 frilled lizards
  4 rats (D:1)
55 creatures vanquished.

Notes
Turn   | Place    | Note
-------+----------+-------------------------------------------
     0 | D:1      | ZARRMARR the Hill Orc Monk began the quest for the Orb.
     0 | D:1      | Reached XP level 1. HP: 19/19 MP: 1/1
   239 | D:1      | Found a faded altar of an unknown god.
   259 | D:1      | Reached XP level 2. HP: 27/27 MP: 2/2
   968 | D:1      | Reached XP level 3. HP: 33/33 MP: 3/3
  1678 | D:2      | Reached skill level 1 in Throwing
  1892 | D:2      | Found a hazy altar of Hepliaklqana.
  1909 | D:2      | Reached XP level 4. HP: 35/40 MP: 4/4
  2700 | D:3      | Noticed Terence
  2716 | D:4      | Noticed an ogre
  2731 | D:4      | Slain by an ogre

Illustrated notes

Levels and vault maps discovered:
D:1:      scummos_arrival_gate, layout_basic, basic_ecumenical_altar,
          hangedman_decor_riveting, minmay_misc_feat_diagonals
D:2:      layout_basic, basic_altar
D:3:      layout_basic, grunt_decor_one_mirror, uniq_terence
D:4:      layout_basic, minmay_between

Skill      XL: |  1  2  3 |
---------------+----------+-----
Fighting       | 4 |  4.2
Stealth        | 2 |  2.1
Throwing       | 1 |  1.1
Axes           | |  4.9
Dodging        | |  2.7

Action                   |  1- 3 |  4- 6 || total
-------------------------+-------+-------++-------
Melee: Hand axe          |   108 |    42 ||   150
       Unarmed           |       |     7 ||     7
Throw: Stone             |    15 |       ||    15
       Dart              |    53 |     8 ||    61
  Use: Scroll            |     1 |     1 ||     2
       Potion            |       |     1 ||     1
 Stab: Sleeping          |     2 |     1 ||     3
Armor: Robe              |    21 |    15 ||    36
       Skin              |       |     1 ||     1
Dodge: Dodged            |    66 |    51 ||   117
